 Dungeon Crawl Stone Soup version 0.31.0-32-g396128a36d (webtiles) character file.

Game seed: 16853335309806846961

7368 monsoonserge the Grappler (level 11, 0/124 HPs)
             Began as a Gnoll Shapeshifter on Mar 11, 2024.
             Was an Initiate of Gozag.
             Slain by Urug
             ... wielding a +2 demon trident of venom
              (4 damage)
             ... on level 10 of the Dungeon.
             The game lasted 00:21:29 (9717 turns).

monsoonserge the Grappler (Gnoll Shapeshifter)      Turns: 9717, Time: 00:21:30

Health: 0/124      AC: 25    Str: 18    XL:     11   Next: 14%
Magic:  20/20      EV:  2    Int:  9    God:    Gozag
Gold:   364        SH:  0    Dex: 12    Spells: 20/22 levels left

rFire   + . .        r - +4 battleaxe of Responsibility {speed, rPois rC+ rCorr Stlth+}
rCold   + + .        (shield currently unavailable)
rNeg    . . .        k - melded +2 scale mail {rPois}
rPois   +            (helmet currently unavailable)
rElec   +            (cloak currently unavailable)
rCorr   +            (gloves currently unavailable)
SInv    .            (boots currently unavailable)
Will    .....        (no amulet)
Stlth   ++++         m - ring of resist corrosion
HPRegen 0.40/turn    t - ring of wizardry
MPRegen 0.17/turn

%: wizardry (x1)
@: mighty, lethally poisoned (0 -> -6), tree-form, resistant
A: stationary, stasis, torment immunity, boosted hp, (fangs 1), strong nose,
distributed training
a: Renounce Religion, Potion Petition, Call Merchant, Bribe Branch


You were on level 10 of the Dungeon.
You worshipped Gozag.
Gozag was aware of your devotion.
You were a tree.
You visited 1 branch of the dungeon, and saw 10 of its levels.

You collected 1794 gold pieces.
You paid 1430 gold pieces to Gozag.

Inventory:

Hand Weapons
 r - the +4 battleaxe of Responsibility (weapon) {speed, rPois rC+ rCorr Stlth+}
   (You found it on level 4 of the Dungeon)

   rC+:       It protects you from cold.
   rPois:     It protects you from poison rCorr: It protects you from acid and
   corrosion.
   Stlth+:    It makes you more stealthy.
Missiles
 a - 25 poisoned darts (quivered)
 G - 2 boomerangs
Armour
 k - a +2 scale mail of poison resistance (melded)
 n - a +0 helmet
 M - a +0 buckler
 O - a +0 pair of boots
Magical Staves
 f - a staff of conjuration
Jewellery
 m - a ring of resist corrosion (left branch)
 t - a ring of wizardry (right branch)
 w - a ring of magical power
 R - a ring of flight
Talismans
 c - a beast talisman
 d - a flux talisman
 x - a maw talisman
 J - a serpent talisman
Wands
 o - a wand of mindburst (6)
 I - a wand of flame (16)
 K - a wand of roots (5)
 Q - a wand of light (2)
Scrolls
 e - 8 scrolls of identify {unknown}
 g - a scroll of summoning {unknown}
 h - 4 scrolls of fog {unknown}
 i - 3 scrolls of enchant armour {unknown}
 j - 3 scrolls of teleportation {unknown}
 l - 4 scrolls of noise {unknown}
 s - 2 scrolls of enchant weapon {unknown}
 u - a scroll of torment {unknown}
 y - a scroll of immolation {unknown}
 B - a scroll of vulnerability {unknown}
 D - 2 scrolls of poison {unknown}
 E - a scroll of acquirement {unknown}
 H - a scroll of fear {unknown}
 N - a scroll of amnesia {unknown}
Potions
 p - 3 potions of berserk rage {unknown}
 q - 2 potions of attraction {unknown}
 v - a potion of magic {unknown}
 z - a potion of heal wounds {unknown}
 A - 9 potions of curing {unknown}
 C - a potion of might {unknown}
 F - a potion of invisibility {unknown}
 L - a potion of cancellation {unknown}
 P - a potion of mutation {unknown}


   Skills:
 + Level 6.8 Fighting
 + Level 6.2 Short Blades
 + Level 6.2 Long Blades
 + Level 6.2 Axes
 + Level 6.2 Maces & Flails
 + Level 6.2 Polearms
 + Level 6.2 Staves
 + Level 6.2 Ranged Weapons
 + Level 6.2 Throwing
 + Level 6.2 Armour
 + Level 7.8 Dodging
 + Level 6.2 Stealth
 + Level 6.2 Shields
 + Level 9.1 Unarmed Combat
 + Level 6.2 Spellcasting
 + Level 5.1 Conjurations
 + Level 5.1 Hexes
 + Level 5.1 Summonings
 + Level 5.1 Necromancy
 + Level 5.1 Translocations
 + Level 5.1 Fire Magic
 + Level 5.1 Ice Magic
 + Level 5.1 Air Magic
 + Level 5.1 Earth Magic
 + Level 5.1 Alchemy
 + Level 6.8 Invocations
 + Level 6.2 Evocations
 + Level 8.7 Shapeshifting


You had 20 spell levels left.
You knew the following spells:

 Your Spells              Type           Power      Damage    Failure   Level
a - Blink                 Tloc           24%        N/A       1%          2

Your spell library contained the following spells:

 Spells                   Type           Power      Damage    Failure   Level
 Apportation              Tloc           24%        N/A       1%          1
 Magic Dart               Conj           48%        1d5       1%          1
 Necrotise                Necr           48%        1d6       1%          1
 Slow                     Hex            48%        N/A       1%          1
 Sting                    Conj/Alch      48%        1d6       1%          1
 Summon Small Mammal      Summ           48%        N/A       1%          1
 Call Imp                 Summ           24%        N/A       1%          2
 Cigotuvi's Dreadful Rot  Necr/Alch/Air  24%        N/A       1%          2
 Ensorcelled Hibernation  Hex/Ice        24%        N/A       1%          2
 Sublimation of Blood     Necr           12%        N/A       1%          2
 Confusing Touch          Hex            12%        N/A       3%          3
 Dazzling Flash           Conj/Hex       24%        N/A       3%          3
 Inner Flame              Hex/Fire       12%        N/A       3%          3
 Passwall                 Erth           12%        N/A       3%          3
 Sigil of Binding         Hex            12%        N/A       3%          3
 Swiftness                Air            12%        N/A       3%          3
 Vampiric Draining        Necr           12%        2d6       3%          3
 Volatile Blastmotes      Fire/Tloc      24%        2d12      3%          3
 Ignite Poison            Fire/Alch      12%        N/A       11%         4
 Martyr's Knell           Necr/Summ      12%        N/A       11%         4
 Petrify                  Alch/Erth      12%        N/A       11%         4
 Sticky Flame             Fire/Alch      12%        2d5       11%         4
 Borgnjor's Vile Clutch   Necr/Erth      6%         N/A       28%         5
 Curse of Agony           Necr           12%        N/A       28%         5
 Irradiate                Conj/Alch      6%         3d13      28%         5
 Starburst                Conj/Fire      6%         6d4       82%         6
 Ignition                 Fire           6%         3d4       100%        8
 Maxwell's Capacitive Co  Air            6%         ∞         100%        8


Dungeon Overview and Level Annotations

Branches:
Dungeon (10/15)            Temple (0/1) D:4
   Lair: D:8-11         Orc: D:9-12

Altars:
Ashenzari
Gozag
Hepliaklqana
Ru
Trog
Wu Jian
Zin

Shops:
D:5 (

Annotations:
D:10 Urug


Innate Abilities, Weirdness & Mutations

You are a tree.
Your roots penetrate the ground, keeping you stationary.
You cannot be teleported.
You are immune to unholy pain and torment.
Your maximum health is greatly increased.
Your equipment is partially melded.
((You have very sharp teeth.))
Your uncanny sense of smell can sniff out nearby items.
Your experience applies equally to all skills.


Message History

Your transformation has ended.
You turn into a tree.
Your +2 scale mail of poison resistance melds into your body.
Your roots penetrate the ground.
You feel very sick.
The kobold brigand hits you but does no damage.
Urug hits you but does no damage.
You are more poisoned.
You barely miss the kobold brigand.
The kobold brigand is severely wounded.
You closely miss Urug.
You feel very sick.
The kobold brigand hits you with a +0 short sword.
* * * LOW HITPOINT WARNING * * *
Unknown command.
The kobold shouts!
You hit the kobold brigand.
The kobold brigand is almost dead.
You slash Urug!
You feel very sick.
Urug looks more healthy.
Urug hits you with a +2 demon trident of venom.
* * * LOW HITPOINT WARNING * * *
The kobold brigand hits you but does no damage.
You hit the kobold brigand.
You kill the kobold brigand!
You closely miss Urug.
You feel very sick.
Urug hits you with a +2 demon trident of venom!
* * * LOW HITPOINT WARNING * * *
Unknown command.
You slice Urug!!
Urug is almost dead.
You miss the kobold.
* * * LOW HITPOINT WARNING * * *
You feel sick.
Urug hits you with a +2 demon trident of venom.
You die...
Urug says, "One more harpy dead."
Your body crumbles into a pile of gold.

.......###....#
.......#......#
.......#.##.### .......#.##.#
# .......#.#..# .#
......[#.#.## ####.#
.......[.#.## #...
............#####K##
#######)#.#.....♣oK## .#
##..#.#.#..###(K# #.
.####...#.#.#..####.#######...
....#.#.#|#.#...# #$.........#
......#...<.....# ##..........
.........##...######.).######
......#.......##......##
.................#...o#
.............................


You could see Urug (blind, unable to see you) and 3 kobolds.

Vanquished Creatures
  A two-headed ogre (D:9)
  Pikel (D:6)
  A cyclops (D:10)
  A troll (D:10)
  2 hornets
  Prince Ribbit (D:9)
  A shadow (D:10)
  3 wyverns (D:9)
  4 yaks (D:9)
  A steam dragon (D:7)
  A water moccasin (D:6)
  An acid dragon (D:9)
  A black bear (D:7)
  A sky beast (D:7)
  An ice beast (D:7)
  An orc warrior (D:9)
  3 ogres
  A centaur (D:7)
  3 lemures (D:5)
  3 phantoms
  4 bullfrogs
  3 kobold brigands
  2 gnoll sergeants
  2 scorpions
  8 wights
  6 killer bees
  7 howler monkeys
  A bombardier beetle (D:5)
  4 hounds
  5 orc priests
  A gnoll bouda (D:9)
  6 orc wizards
  Natasha (D:4)
  3 iguanas
  Terence (D:2)
  22 gnolls
  8 adders
  2 white imps
  A dart slug (D:1)
  4 ribbon worms
  23 orcs
  2 ball pythons
  3 endoplasms
  4 giant cockroaches
  4 goblins
  8 hobgoblins
  4 jackals (D:5)
  2 quokkas
  3 bats
  7 frilled lizards
  18 kobolds
  5 rats
206 creatures vanquished.

Vanquished Creatures (others)
  An ice beast (D:7)
1 creature vanquished.

Grand Total: 207 creatures vanquished

Notes
Turn   | Place    | Note
-------+----------+-------------------------------------------
     0 | D:1      | monsoonserge the Gnoll Shapeshifter began the quest for the
                  | Orb.
     0 | D:1      | Reached XP level 1. HP: 17/17 MP: 1/1
    79 | D:1      | Reached XP level 2. HP: 12/23 MP: 2/2
   411 | D:1      | Reached XP level 3. HP: 28/28 MP: 3/3
   814 | D:2      | Noticed Terence
   820 | D:2      | Killed Terence
   821 | D:2      | Reached skill level 1 in Short Blades
   821 | D:2      | Reached skill level 1 in Long Blades
   821 | D:2      | Reached skill level 1 in Axes
   821 | D:2      | Reached skill level 1 in Maces & Flails
   821 | D:2      | Reached skill level 1 in Polearms
   821 | D:2      | Reached skill level 1 in Staves
   821 | D:2      | Reached skill level 1 in Ranged Weapons
   821 | D:2      | Reached skill level 1 in Throwing
   821 | D:2      | Reached skill level 1 in Armour
   821 | D:2      | Reached skill level 1 in Stealth
   821 | D:2      | Reached skill level 1 in Shields
   821 | D:2      | Reached skill level 1 in Spellcasting
   821 | D:2      | Reached skill level 1 in Invocations
   821 | D:2      | Reached skill level 1 in Evocations
   915 | D:2      | Reached XP level 4. HP: 34/34 MP: 5/5
  1095 | D:2      | Reached skill level 1 in Conjurations
  1095 | D:2      | Reached skill level 1 in Hexes
  1095 | D:2      | Reached skill level 1 in Summonings
  1095 | D:2      | Reached skill level 1 in Necromancy
  1095 | D:2      | Reached skill level 1 in Translocations
  1095 | D:2      | Reached skill level 1 in Fire Magic
  1095 | D:2      | Reached skill level 1 in Ice Magic
  1095 | D:2      | Reached skill level 1 in Air Magic
  1095 | D:2      | Reached skill level 1 in Earth Magic
  1095 | D:2      | Reached skill level 1 in Alchemy
  1228 | D:2      | Found a faded altar of an unknown god.
  1291 | D:3      | Found an opulent altar of Gozag.
  1369 | D:3      | Found a glowing silver altar of Zin.
  1382 | D:3      | Became a worshipper of Gozag Ym Sagoz the Greedy
  1651 | D:3      | Noticed a scorpion
  1666 | D:3      | Killed a scorpion
  1667 | D:3      | Reached XP level 5. HP: 36/41 MP: 5/7
  1781 | D:3      | Found a broken altar of Ashenzari.
  2145 | D:4      | Noticed an ogre
  2150 | D:4      | Killed an ogre
  2151 | D:4      | Reached XP level 6. HP: 34/47 MP: 8/8
  2233 | D:4      | Reached skill level 5 in Dodging
  2391 | D:4      | Identified the +4 battleaxe of Responsibility {speed, rPois
                  | rC+ rCorr Stlth+}
  2404 | D:4      | Found a staircase to the Ecumenical Temple.
  2471 | D:4      | Found a hazy altar of Hepliaklqana.
  2480 | D:4      | Reached skill level 7 in Unarmed Combat
  2480 | D:4      | Reached XP level 7. HP: 33/52 MP: 10/10
  2980 | D:4      | Noticed Natasha
  2987 | D:4      | Killed Natasha
  3093 | D:5      | Entered Level 5 of the Dungeon
  3500 | D:5      | Reached XP level 8. HP: 60/60 MP: 12/12
  3533 | D:5      | Found Puoned Piof's Hydra Hut.
  3537 | D:5      | Noticed an eight-headed hydra
  4653 | D:6      | Noticed Pikel
  4768 | D:6      | Killed Pikel
  4769 | D:6      | Reached XP level 9. HP: 46/67 MP: 13/15
  4953 | D:6      | Reached skill level 5 in Fighting
  5374 | D:6      | Found an ornate altar of the Wu Jian Council.
  5374 | D:6      | Found a sacrificial altar of Ru.
  6010 | D:7      | Reached skill level 8 in Unarmed Combat
  6421 | D:7      | Reached skill level 5 in Invocations
  6863 | D:7      | Reached skill level 5 in Short Blades
  6863 | D:7      | Reached skill level 5 in Long Blades
  6863 | D:7      | Reached skill level 5 in Axes
  6863 | D:7      | Reached skill level 5 in Maces & Flails
  6863 | D:7      | Reached skill level 5 in Polearms
  6863 | D:7      | Reached skill level 5 in Staves
  6863 | D:7      | Reached skill level 5 in Ranged Weapons
  6863 | D:7      | Reached skill level 5 in Throwing
  6863 | D:7      | Reached skill level 5 in Armour
  6863 | D:7      | Reached skill level 5 in Stealth
  6863 | D:7      | Reached skill level 5 in Shields
  6863 | D:7      | Reached skill level 5 in Spellcasting
  6863 | D:7      | Reached skill level 5 in Evocations
  6863 | D:7      | Reached XP level 10. HP: 74/76 MP: 17/17
  7765 | D:9      | Noticed Prince Ribbit
  7780 | D:9      | Killed Prince Ribbit
  8125 | D:9      | Noticed a two-headed ogre
  8135 | D:9      | Killed a two-headed ogre
  8870 | D:9      | Found a bloodstained altar of Trog.
  9066 | D:10     | Entered Level 10 of the Dungeon
  9085 | D:10     | Noticed a cyclops
  9096 | D:10     | Killed a cyclops
  9097 | D:10     | Reached skill level 9 in Unarmed Combat
  9097 | D:10     | Reached skill level 5 in Conjurations
  9097 | D:10     | Reached skill level 5 in Hexes
  9097 | D:10     | Reached skill level 5 in Summonings
  9097 | D:10     | Reached skill level 5 in Necromancy
  9097 | D:10     | Reached skill level 5 in Translocations
  9097 | D:10     | Reached skill level 5 in Fire Magic
  9097 | D:10     | Reached skill level 5 in Ice Magic
  9097 | D:10     | Reached skill level 5 in Air Magic
  9097 | D:10     | Reached skill level 5 in Earth Magic
  9097 | D:10     | Reached skill level 5 in Alchemy
  9097 | D:10     | Reached XP level 11. HP: 29/83 MP: 18/20
  9122 | D:10     | Learned a level 2 spell: Blink
  9368 | D:10     | Noticed Urug
  9548 | D:10     | Got Gilez's Grimoire of Kindled Exhumation
  9716 | D:10     | HP: 5/124 [Urug/+2 demon trident of venom (9)]
  9717 | D:10     | Slain by Urug

Illustrated notes

Levels and vault maps discovered:
D:1:      minmay_arrival_checkered_box, layout_loops_ring, minmay_pentomino_z2
D:2:      layout_rooms, shapermc_ecumenical_altar_mp_urbaneastern,
          minmay_ruptured, uniq_terence
D:3:      layout_basic, pdpol_temple_overflow_zin_treasury_gozag_greed,
          mainiacjoe_overflow_tiny_flanked, corexii_item_surrounded_by_moat
D:4:      layout_loops_ring, kennysheep_mini_moat, minmay_temple_entry_hall,
          uniq_natasha
D:5:      layout_basic, doesnt_shop_hydraphobe
D:6:      layout_layer_cave, nicolae_overflow_two_pavilions,
          kennysheep_cross_room, uniq_pikel
D:7:      layout_basic, kennysheep_generic_room_3
D:8:      layout_loops_cross
D:9:      layout_irregular_city, mainiacjoe_overflow_alcove_1,
          serial_bayou_pond_e, uniq_prince_ribbit1
D:10:     layout_rooms, david_orc_2, uniq_urug

Skill      XL: |  1  2  3  4  5  6  7  8  9 10 |
---------------+-------------------------------+-----
Short Blades   | 1 2 3 4 5 6 |  6.2
Long Blades    | 1 2 3 4 5 6 |  6.2
Axes           | 1 2 3 4 5 6 |  6.2
Maces & Flails | 1 2 3 4 5 6 |  6.2
Polearms       | 1 2 3 4 5 6 |  6.2
Staves         | 1 2 3 4 5 6 |  6.2
Ranged Weapons | 1 2 3 4 5 6 |  6.2
Throwing       | 1 2 3 4 5 6 |  6.2
Armour         | 1 2 3 4 5 6 |  6.2
Stealth        | 1 2 3 4 5 6 |  6.2
Shields        | 1 2 3 4 5 6 |  6.2
Spellcasting   | 1 2 3 4 5 6 |  6.2
Invocations    | 1 2 3 4 5 6 |  6.8
Evocations     | 1 2 3 4 5 6 |  6.2
Conjurations   | 1 2 3 4 5 |  5.1
Hexes          | 1 2 3 4 5 |  5.1
Summonings     | 1 2 3 4 5 |  5.1
Necromancy     | 1 2 3 4 5 |  5.1
Translocations | 1 2 3 4 5 |  5.1
Fire Magic     | 1 2 3 4 5 |  5.1
Ice Magic      | 1 2 3 4 5 |  5.1
Air Magic      | 1 2 3 4 5 |  5.1
Earth Magic    | 1 2 3 4 5 |  5.1
Alchemy        | 1 2 3 4 5 |  5.1
Fighting       | 3 4 5 6 |  6.8
Dodging        | 5 6 7 |  7.8
Unarmed Combat | 7 8 9 |  9.1
Shapeshifting  | 7 8 |  8.7

Action                     |  1- 3 |  4- 6 |  7- 9 | 10-12 || total
---------------------------+-------+-------+-------+-------++-------
  Melee: Unarmed           |    44 |    86 |       |       ||   130
         Bite              |     8 |    12 |    16 |    13 ||    49
         Punch             |     1 |     4 |       |       ||     5
         Battleaxe         |       |    16 |   198 |   161 ||   375
  Throw: Boomerang         |       |       |     1 |     7 ||     8
         Dart              |       |       |       |    14 ||    14
 Invoke: Potion Petition   |       |       |       |     2 ||     2
  Evoke: Wand              |       |     1 |     1 |     2 ||     4
    Use: Potion            |       |       |       |     1 ||     1
   Stab: Distracted        |       |     1 |       |     1 ||     2
         Sleeping          |       |       |     4 |       ||     4
 Armour: Animal skin       |     1 |       |       |       ||     1
         Ring mail         |     7 |       |       |       ||     7
         Scale mail        |     4 |    60 |   157 |   111 ||   332
         Skin              |       |       |       |    30 ||    30
  Dodge: Dodged            |    22 |    50 |   122 |    79 ||   273
